 Dungeon Crawl Stone Soup version 0.29.1-14-g9c671dbff4 (webtiles) character file.

Game seed: 9543251620804279684

8831 Peloso the Carver (level 11, -16/99 HPs)
             Began as a Minotaur Fighter on Feb 19, 2023.
             Was an Elder of Okawaru.
             Demolished by a two-headed ogre
             ... wielding a +0 giant spiked club
              (31 damage)
             ... on level 9 of the Dungeon.
             The game lasted 00:26:37 (13594 turns).

Peloso the Carver (Minotaur Fighter)               Turns: 13594, Time: 00:26:37

Health: -16/99     AC: 20    Str: 23    XL:     11   Next: 15%
Magic:  9/12       EV: 10    Int:  5    God:    Okawaru [****..]
Gold:   605        SH:  7    Dex: 12    Spells: 10/10 levels left

rFire   + . .      SeeInvis .   a - +1 long sword
rCold   . . .      Faith    .   d - +0 buckler
rNeg    . . .      Spirit   .   F - +0 plate armour
rPois   .          Reflect  .   l - +1 hat
rElec   .          Harm     .   r - scarf {repulsion}
rCorr   .          Rampage  .   L - +0 pair of gloves
Will    .....                   (no boots)
Stlth   ..........              (no amulet)
HPRegen 0.26/turn               k - ring of flight
MPRegen 0.13/turn               j - ring of protection from fire

@: heroic, flying, repel missiles
A: horns 2, retaliatory headbutt
a: Renounce Religion, Heroism, Finesse


You were on level 9 of the Dungeon.
You worshipped Okawaru.
Okawaru was greatly pleased with you.
You visited 1 branch of the dungeon, and saw 9 of its levels.
You also visited: Bailey.

You collected 665 gold pieces.
You spent 60 gold pieces at shops.

Inventory:

Hand Weapons
 a - a +1 long sword (weapon)
 c - the +7 sling of Lust {flame, *Slow Dex+5}
   (You found it on level 7 of the Dungeon)

   Any ammunition fired from it burns those it strikes, dealing additional fire
   damage.
   Dex:       It affects your dexterity (+5).
   *Slow:     It may slow you when you take damage.
Missiles
 s - a throwing net (quivered)
 H - 18 stones
Armour
 d - a +0 buckler (worn)
 l - a +1 hat (worn)
 r - a scarf of repulsion (worn)
 F - a +0 plate armour (worn)
 L - a +0 pair of gloves (worn)
Magical Staves
 b - a staff of fire
Jewellery
 i - a ring of resist corrosion
 j - a ring of protection from fire (right hand)
 k - a ring of flight (left hand)
 m - an amulet of faith
 x - a +4 ring of evasion
 C - a +4 ring of evasion
 D - a ring of willpower
 I - an amulet of magic regeneration
Wands
 n - a wand of iceblast (20)
 v - a wand of flame (35)
 z - a wand of polymorph (6)
Scrolls
 h - a scroll of butterflies
 p - 2 scrolls of magic mapping
 q - a scroll of enchant weapon
 w - 3 scrolls of poison
 y - 3 scrolls of teleportation
 E - a scroll of blinking
 J - 3 scrolls of immolation {unknown}
 K - a scroll of amnesia {unknown}
 M - 4 scrolls of enchant armour
 N - a scroll of identify
Potions
 e - 2 potions of haste
 f - 2 potions of might
 g - 3 potions of curing
 o - 3 potions of heal wounds
 t - 3 potions of berserk rage
 u - 5 potions of mutation
 A - a potion of invisibility
 B - a potion of lignification {unknown}
 G - 2 potions of magic {unknown}


   Skills:
 + Level 10.0(15.0) Fighting
 + Level 12.5(17.5) Long Blades
 + Level 12.2(17.2) Armour
 + Level 3.0(8.0) Dodging
 + Level 0.7(5.7) Stealth
 + Level 6.6(11.6) Shields
 + Level 2.7 Invocations


You had 10 spell levels left.
You didn't know any spells.
Your spell library contained the following spells:

 Spells                   Type           Power      Damage    Failure   Level
 Foxfire                  Conj/Fire      0%         2x1d4     99%         1
 Ensorcelled Hibernation  Hex/Ice        0%         N/A       100%        2
 Passwall                 Tmut/Erth      0%         N/A       100%        2
 Conjure Flame            Conj/Fire      0%         6-21      100%        3
 Inner Flame              Hex/Fire       0%         N/A       100%        3
 Swiftness                Air            0%         N/A       100%        3
 Cause Fear               Hex            0%         N/A       100%        4
 Flame Wave               Conj/Fire      0%         2d4       100%        4
 Olgreb's Toxic Radiance  Pois           0%         N/A       100%        4
 Dragon Form              Tmut           0%         N/A       100%        7
 Ozocubu's Refrigeration  Ice            0%         4d7       100%        7
 Discord                  Hex            0%         N/A       100%        8
 Ignition                 Fire           0%         3d3       100%        8
 Dragon's Call            Summ           Unusable   N/A       N/A         9

Dungeon Overview and Level Annotations

Branches:
Dungeon (9/15)             Temple (0/1) D:6          Bailey (visited)
   Lair: D:8-11         Orc: D:9-12

Altars:
Ashenzari
Dithmenos
Hepliaklqana
Makhleb
Okawaru
Qazlal
Trog
Vehumet
Xom
Zin

Shops:
D:8 *:[

Annotations:
D:5 dig


Innate Abilities, Weirdness & Mutations

You have a pair of horns on your head.
You reflexively headbutt those who attack you in melee.


Message History

Okawaru accepts your kill.
A two-headed ogre comes into view.
It is wielding a +0 giant spiked club and a +0 giant club.
The two-headed ogre shouts in stereo!
The ogre hits you with a +0 giant spiked club.
Items here: ))) ††.
Things that are here:
a +0 giant spiked club; an ogre corpse You hit the two-headed ogre.
You headbutt the two-headed ogre, but do no damage.
The two-headed ogre is lightly wounded.
You feel like a meek peon again.
The two-headed ogre hits you with a +0 giant spiked club!
The two-headed ogre hits you with a +0 giant club!!
You slash the two-headed ogre!
The two-headed ogre is lightly wounded.
You block the two-headed ogre's attack.
The two-headed ogre hits you but does no damage.
You slash the two-headed ogre! You headbutt the two-headed ogre.
The two-headed ogre is heavily wounded.
You hit the two-headed ogre but do no damage.
The two-headed ogre is heavily wounded.
You block the two-headed ogre's attack. The two-headed ogre barely misses you.
You gain the combat prowess of a mighty hero.
You hit the two-headed ogre.
The two-headed ogre is heavily wounded.
The two-headed ogre barely misses you.
The two-headed ogre hits you but does no damage.
You slash the two-headed ogre!
The two-headed ogre is severely wounded.
You slash the two-headed ogre!
The two-headed ogre is severely wounded.
The two-headed ogre hits you with a +0 giant spiked club!
The two-headed ogre hits you with a +0 giant club!!
* * * LOW HITPOINT WARNING * * *
You hit the two-headed ogre.
The two-headed ogre is almost dead.
You hit the two-headed ogre.
The two-headed ogre is almost dead.
The two-headed ogre hits you with a +0 giant spiked club!!
You die...

##.######†.....#........# ##
##...##...##.#[#........##
.#######........##..#.#..........
.....<.......####..##.#..<.....##
................#.#######......##
..########......##### #####....
.## #.....##O..# ###.##. .#
#########O###...OO #...#.. ##
#≈## #@# >O. ####..# # ##≈≈# #)#
O #...# ##≈≈≈### #)## ###.#
######≈≈≈≈..## ##.## ###
......#≈≈≈≈..#####.#
#####.##≈≈.....###.#
#...........))## #.##≈≈≈.....###
#)#≈≈≈.....##


You could see a two-headed ogre and an ogre.

Vanquished Creatures
  3 two-headed ogres (D:9)
  A shadow (D:9)
  A wyvern (D:7)
  2 steam dragons
  6 yaks (D:8)
  Eustachio (D:5)
  A two-headed ogre zombie (D:9)
  Duvessa (D:5)
  2 acid dragons
  A water moccasin (D:9)
  9 orc warriors (Bailey)
  A sky beast (D:6)
  A black bear (D:7)
  12 ogres
  10 centaurs
  3 phantoms
  A kobold brigand (D:6)
  A necrophage (D:7)
  3 scorpions (D:6)
  A gnoll sergeant (D:8)
  Dowan (D:5)
  3 killer bees (D:9)
  5 howler monkeys
  An electric eel (D:9)
  3 jellies
  7 hounds
  3 gnoll boudas
  5 orc priests
  Ijyb (D:3)
  2 iguanas (D:6)
  4 orc wizards
  17 gnolls
  7 adders
  4 ufetubi
  A worm (D:2)
  A dart slug (D:1)
  60 orcs
  8 ball pythons
  2 bats
  14 endoplasms
  A giant cockroach (D:1)
  6 goblins
  11 hobgoblins
  7 jackals
  4 quokkas
  8 frilled lizards
  11 kobolds
  8 rats
266 creatures vanquished.

Vanquished Creatures (others)
  12 plants (D:3)
12 creatures vanquished.

Grand Total: 278 creatures vanquished

Notes
Turn   | Place    | Note
-------+----------+-------------------------------------------
     0 | D:1      | Peloso the Minotaur Fighter began the quest for the Orb.
     0 | D:1      | Reached XP level 1. HP: 19/19 MP: 0/0
   326 | D:1      | Reached XP level 2. HP: 16/27 MP: 1/1
   516 | D:1      | Found a faded altar of an unknown god.
   936 | D:1      | Reached XP level 3. HP: 32/33 MP: 2/2
  1544 | D:2      | Found a glowing silver altar of Zin.
  1767 | D:2      | Reached XP level 4. HP: 39/40 MP: 3/3
  2224 | D:3      | Found a stormy altar of Qazlal.
  2354 | D:3      | Noticed a phantom
  2367 | D:3      | Killed a phantom
  2368 | D:3      | Reached skill level 5 in Armour
  2368 | D:3      | Reached XP level 5. HP: 43/46 MP: 4/4
  2393 | D:3      | Found a bloodstained altar of Trog.
  2405 | D:3      | Noticed Ijyb
  2424 | D:3      | Killed Ijyb
  2661 | D:3      | Found an iron altar of Okawaru.
  2707 | D:3      | Became a worshipper of Warmaster Okawaru
  2800 | D:3      | Found a shimmering altar of Xom.
  2891 | D:3      | Found a shadowy altar of Dithmenos.
  3996 | D:4      | Reached XP level 6. HP: 51/55 MP: 5/5
  4463 | D:4      | Reached skill level 5 in Fighting
  4539 | D:4      | Found a glowing silver altar of Zin.
  4564 | D:4      | Reached skill level 1 in Dodging
  4567 | D:4      | Reached skill level 5 in Long Blades
  4604 | D:3      | Reached * piety under Okawaru
  4605 | D:3      | Reached XP level 7. HP: 39/61 MP: 6/6
  5470 | D:5      | Entered Level 5 of the Dungeon
  5685 | D:5      | Noticed Duvessa
  5685 | D:5      | Noticed Dowan
  6075 | D:6      | Found a staircase to the Ecumenical Temple.
  6418 | D:6      | Reached XP level 8. HP: 70/70 MP: 7/7
  7263 | D:7      | Reached ** piety under Okawaru
  7264 | D:7      | Reached skill level 5 in Shields
  7359 | D:7      | Identified the +7 sling of Lust {flame, *Slow Dex+5}
  7501 | D:7      | Found a broken altar of Ashenzari.
  7994 | D:7      | Reached skill level 1 in Invocations
  8169 | D:7      | Found a burning altar of Makhleb.
  8327 | D:8      | Reached XP level 9. HP: 71/78 MP: 6/8
  8339 | D:8      | Reached *** piety under Okawaru
  8583 | D:8      | Found Plog's Armour Shoppe.
  8604 | D:8      | Reached skill level 10 in Long Blades
  8604 | D:8      | Reached skill level 10 in Armour
  8707 | D:8      | Found Xuushylu's Book Boutique.
  9218 | D:8      | Found a hazy altar of Hepliaklqana.
  9341 | D:8      | Found Derifak's General Store.
  9346 | D:8      | Bought a potion of heal wounds for 60 gold pieces
  9866 | D:5      | Killed Dowan
  9874 | D:5      | Killed Duvessa
 10213 | D:5      | Found a radiant altar of Vehumet.
 10321 | D:5      | Noticed Eustachio
 10354 | D:5      | Killed Eustachio
 10716 | D:9      | Noticed a two-headed ogre
 10729 | D:9      | Killed a two-headed ogre
 10729 | D:9      | Reached **** piety under Okawaru
 10730 | D:9      | Reached XP level 10. HP: 72/88 MP: 7/10
 10868 | D:9      | Found a flagged portal.
 11099 | Bailey   | Entered a bailey
 13360 | D:9      | Noticed a two-headed ogre
 13371 | D:9      | Killed a two-headed ogre
 13372 | D:9      | Reached XP level 11. HP: 57/99 MP: 9/11
 13541 | D:9      | Noticed a two-headed ogre
 13564 | D:9      | Noticed a two-headed ogre
 13574 | D:9      | Killed a two-headed ogre
 13575 | D:9      | Reached skill level 10 in Fighting
 13581 | D:9      | Noticed a two-headed ogre
 13594 | D:9      | Demolished by a two-headed ogre

Illustrated notes

Levels and vault maps discovered:
D:1:      dpeg_arrival_shelter, layout_rooms, ebering_ecumenical_altar_hall
D:2:      layout_basic, basic_altar, guppyfry_early_orc_mine
D:3:      layout_basic, mainiacjoe_overflow_alcove_2, tgw_xom,
          nicolae_qazlal_general_emergency, mainiacjoe_overflow_six_doors_small,
          mainiacjoe_overflow_brackets, lexackson_kobold_supper, uniq_ijyb
D:4:      layout_rooms, mainiacjoe_overflow_surrounded_room
D:5:      layout_gridville, kennysheep_mini_moat, due_unseen_surprise,
          uniq_duvessa, uniq_eustachio
D:6:      layout_loops_corners, minmay_temple_entry_tees,
          kennysheep_generic_room_9
D:7:      layout_basic, lemuel_tele_altar, general_overflow_altar
D:8:      layout_basic, nicolae_hepliaklqana_hazy_memory, serial_shops,
          kennysheep_little_box, nicolae_shop_stone, nicolae_shop_crystal
D:9:      lemuel_ogre_cave, layout_rooms, enter_bailey_7, st_stairs_1

Skill      XL: |  1  2  3  4  5  6  7  8  9 10 11 |
---------------+----------------------------------+-----
Fighting       | 4 5 6 8 9 10 | 10.0
Armour         | 4 5 6 7 9 10 12 | 12.2
Long Blades    | 3 4 5 6 9 11 12 | 12.5
Shields        | 4 5 6 |  6.6
Dodging        | 1 2 3 |  3.0
Invocations    | 1 2 |  2.7
Stealth        | |  0.7

Action                   |  1- 3 |  4- 6 |  7- 9 | 10-12 || total
-------------------------+-------+-------+-------+-------++-------
Melee: Long sword        |   116 |   201 |   411 |   294 ||  1022
       Headbutt          |    13 |    25 |    82 |    74 ||   194
Invok: Heroism           |       |       |    15 |    25 ||    40
  Use: Potion            |     2 |     1 |     1 |       ||     4
       Scroll            |     2 |     1 |     7 |       ||    10
Armor: Scale mail        |    13 |       |       |       ||    13
       Chain mail        |    73 |   121 |    78 |       ||   272
       Plate armour      |       |       |   157 |   154 ||   311
Dodge: Dodged            |    50 |    84 |   164 |   131 ||   429
       Repelled          |       |       |       |     1 ||     1
Block: Buckler           |    32 |    41 |    92 |    95 ||   260
